General information
			
			
        
        - name: BNet
 
        - type: Ladder team game (AT/RT)
 
        - host: Battle.net
 
        - saver: YEAHSHESASSBATS
 
        
map: Mur'gulOasis 
        - players: 8
 
        - length: 13:47
 
        - speed: Fast
 - version: 1.22 W3XP
 - replay type:  Public
 
» download(112 KB)
Players
        team 1 (winner) 
              
              
» 
Cadx2-craft (
red | 144 APM | 1979 actions | 13:46)
              
 4 Death Knight 
 2 Death Coil
 2 Unholy Aura
 2 Lich 
 1 Frost Nova
 1 Frost Armor
 
                » actions 
                
                | Assign group hotkey | 38 |  | 
| Basic commands | 110 |  | 
| Build / train | 43 |  | 
| Enter build submenu | 12 |  | 
| Enter hero's abilities submenu | 7 |  | 
| Right click | 887 |  | 
| Select / deselect | 242 |  | 
| Select group hotkey | 575 |  | 
| Use ability | 65 |  | 
                1979 total
 » units 
                
                | Acolyte | 2 |  | 
| Ghoul | 3 |  | 
| Crypt Fiend | 8 |  | 
| Obsidian Statue | 5 |  | 
                18 total
 » upgrades
                
                | Creature Attack | 2 |  | 
| Web | 1 |  | 
| Destroyer Form | 1 |  | 
| Backpack | 1 |  | 
                5 total
 » buildings
                
                | Graveyard | 1 |  | 
| Crypt | 1 |  | 
| Altar of Darkness | 1 |  | 
| Ziggurat | 7 |  | 
| Tomb of Relics | 1 |  | 
| Halls of the Dead | 4 |  | 
| Black Citadel | 1 |  | 
| Slaughterhouse | 1 |  | 
                17 total
 » build order
                00:08 Graveyard
00:11 Crypt
00:42 Altar of Darkness
00:57 Ziggurat
01:35 Tomb of Relics
02:09 Ziggurat
03:41 Halls of the Dead
03:41 Halls of the Dead
03:41 Halls of the Dead
04:12 Ziggurat
06:07 Black Citadel
06:37 Slaughterhouse
07:14 Ziggurat
09:05 Ziggurat
12:06 Ziggurat
12:33 Ziggurat
» items
                
                | Rod of Necromancy | 2 |  | 
| Lesser Clarity Potion | 1 |  | 
| Healing Salve | 1 |  | 
                4 total
  
               
              
              
» 
YEAHSHESASSBATS (
purple | 92 APM | 1270 actions | 13:47)
              
 4 Death Knight 
 2 Death Coil
 2 Unholy Aura
 
                » actions 
                
                | Assign group hotkey | 16 |  | 
| Basic commands | 40 |  | 
| Build / train | 36 |  | 
| ESC pressed | 10 |  | 
| Enter build submenu | 18 |  | 
| Enter hero's abilities submenu | 4 |  | 
| Give item / drop item | 1 |  | 
| Right click | 546 |  | 
| Select / deselect | 331 |  | 
| Select group hotkey | 184 |  | 
| Use ability | 84 |  | 
                1270 total
 » units 
                
                | Acolyte | 2 |  | 
| Ghoul | 5 |  | 
| Obsidian Statue | 2 |  | 
| Meatwagon | 2 |  | 
| Necromancer | 4 |  | 
| Abomination | 2 |  | 
| Frost Wyrm | 1 |  | 
                18 total
 » upgrades
                
                | Necromancer Training | 2 |  | 
| Skeletal Mastery | 2 |  | 
| Exhume Corpses | 1 |  | 
                5 total
 » buildings
                
                | Crypt | 1 |  | 
| Altar of Darkness | 1 |  | 
| Ziggurat | 5 |  | 
| Tomb of Relics | 1 |  | 
| Nerubian Tower | 1 |  | 
| Halls of the Dead | 1 |  | 
| Graveyard | 1 |  | 
| Black Citadel | 1 |  | 
| Temple of the Damned | 1 |  | 
| Slaughterhouse | 2 |  | 
| Sacrificial Pit | 2 |  | 
| Boneyard | 1 |  | 
                18 total
 » build order
                00:11 Crypt
00:27 Altar of Darkness
00:39 Ziggurat
00:54 Tomb of Relics
01:47 Ziggurat
01:49 Nerubian Tower
02:55 Halls of the Dead
03:44 Graveyard
04:22 Ziggurat
05:08 Ziggurat
05:30 Black Citadel
05:31 Temple of the Damned
05:37 Slaughterhouse
05:39 Slaughterhouse
07:15 Sacrificial Pit
07:21 Sacrificial Pit
11:01 Boneyard
11:20 Ziggurat
» items
                 
               
              
              
HoneyBlunt (
pink | 85 APM | 1176 actions | 13:46)
              
 3 Far Seer 
 1 Feral Spirit
 2 Chain Lighting
 2 Shadow Hunter 
 1 Hex
 1 Healing Wave
 
                » actions 
                
                | Assign group hotkey | 18 |  | 
| Basic commands | 17 |  | 
| Build / train | 39 |  | 
| Enter build submenu | 14 |  | 
| Enter hero's abilities submenu | 5 |  | 
| Right click | 639 |  | 
| Select / deselect | 218 |  | 
| Select group hotkey | 189 |  | 
| Use ability | 37 |  | 
                1176 total
 » units 
                
                | Peon | 9 |  | 
| Grunt | 6 |  | 
| Demolisher | 3 |  | 
| Troll Witch Doctor | 1 |  | 
                19 total
 » upgrades
                
                | Armor | 3 |  | 
| Berserker Strength | 1 |  | 
| Witch Doctor Training | 2 |  | 
| Melee Weapons | 2 |  | 
| Burning Oil | 1 |  | 
                9 total
 » buildings
                
                | Altar of Storms | 1 |  | 
| Orc Burrow | 6 |  | 
| Barracks | 1 |  | 
| Voodoo Lounge | 1 |  | 
| War Mill | 1 |  | 
| Watch Tower | 1 |  | 
| Stronghold | 1 |  | 
| Spirit Lodge | 1 |  | 
| Fortress | 1 |  | 
| Tauren Totem | 1 |  | 
                15 total
 » build order
                00:19 Altar of Storms
00:36 Orc Burrow
01:05 Barracks
01:40 Orc Burrow
01:53 Voodoo Lounge
02:24 Orc Burrow
02:49 War Mill
04:06 Watch Tower
04:42 Stronghold
06:19 Orc Burrow
07:18 Spirit Lodge
09:00 Fortress
12:02 Tauren Totem
12:04 Orc Burrow
12:04 Orc Burrow
» items
                
                | Healing Salve | 1 |  | 
| Lesser Clarity Potion | 1 |  | 
                2 total
  
               
              
              
» 
Thwakull (
yellow | 51 APM | 706 actions | 13:46)
              
 5 Priestess of the Moon 
 2 Scout
 3 Trueshot Aura
 
                » actions 
                
                | Assign group hotkey | 8 |  | 
| Basic commands | 6 |  | 
| Build / train | 48 |  | 
| Enter build submenu | 13 |  | 
| Enter hero's abilities submenu | 5 |  | 
| Remove unit from queue | 3 |  | 
| Right click | 281 |  | 
| Select / deselect | 124 |  | 
| Select group hotkey | 195 |  | 
| Use ability | 23 |  | 
                706 total
 » units 
                
                | Wisp | 11 |  | 
| Archer | 14 |  | 
| Hippogryph | 4 |  | 
                29 total
 » upgrades
                
                | Improved Bows | 1 |  | 
| Strength of the Moon | 3 |  | 
| Moon Armor | 1 |  | 
| Marksmanship | 1 |  | 
| Hippogryph Taming | 1 |  | 
| Well Spring | 1 |  | 
                8 total
 » buildings
                
                | Moon Well | 6 |  | 
| Ancient of War | 1 |  | 
| Altar of Elders | 1 |  | 
| Tree of Ages | 1 |  | 
| Hunter's Hall | 1 |  | 
| Tree of Eternity | 1 |  | 
| Ancient of Wonders | 1 |  | 
| Ancient of Wind | 3 |  | 
                15 total
 » build order
                00:21 Moon Well
00:57 Ancient of War
01:08 Moon Well
01:33 Altar of Elders
01:52 Moon Well
02:27 Moon Well
03:33 Tree of Ages
04:28 Hunter's Hall
05:56 Tree of Eternity
06:43 Moon Well
06:49 Ancient of Wonders
09:06 Ancient of Wind
09:08 Ancient of Wind
09:09 Ancient of Wind
10:30 Moon Well
 
               team 2 (loser) 
              
              
Yahoo91 (
orange | 59 APM | 609 actions | 10:19)
              
 1 Blademaster 
 1 Wind Walk
 1 Shadow Hunter 
 1 Healing Wave
 
                » actions 
                
                | Assign group hotkey | 7 |  | 
| Build / train | 30 |  | 
| Enter build submenu | 14 |  | 
| Enter hero's abilities submenu | 2 |  | 
| Remove unit from queue | 3 |  | 
| Right click | 327 |  | 
| Select / deselect | 174 |  | 
| Select group hotkey | 5 |  | 
| Use ability | 47 |  | 
                609 total
 » units 
                » upgrades
                » buildings
                
                | Altar of Storms | 1 |  | 
| Orc Burrow | 7 |  | 
| Barracks | 1 |  | 
| Stronghold | 3 |  | 
| Voodoo Lounge | 2 |  | 
| Beastiary | 1 |  | 
                15 total
 » build order
                00:16 Altar of Storms
00:21 Orc Burrow
01:31 Barracks
02:06 Stronghold
02:07 Stronghold
02:21 Voodoo Lounge
02:26 Orc Burrow
03:37 Orc Burrow
04:57 Beastiary
05:31 Voodoo Lounge
07:19 Orc Burrow
07:23 Orc Burrow
08:28 Orc Burrow
08:30 Orc Burrow
» items
                
                | Healing Salve | 2 |  | 
| Lesser Clarity Potion | 3 |  | 
| Scroll of Speed | 1 |  | 
| Scroll of Town Portal | 1 |  | 
                7 total
  
               
              
              
RoflQUAFFLE (
blue | 31 APM | 424 actions | 13:45)
              
 1 Archmage 
 1 Summon Water Elemental
 
                » actions 
                
                | Assign group hotkey | 7 |  | 
| Build / train | 63 |  | 
| Enter build submenu | 27 |  | 
| Enter hero's abilities submenu | 1 |  | 
| Remove unit from queue | 2 |  | 
| Right click | 93 |  | 
| Select / deselect | 66 |  | 
| Select group hotkey | 132 |  | 
| Use ability | 33 |  | 
                424 total
 » units 
                » upgrades
                
                | Masonry | 1 |  | 
| Swords | 1 |  | 
| Storm Hammers | 1 |  | 
                3 total
 » buildings
                
                | Lumber Mill | 1 |  | 
| Scout Tower | 4 |  | 
| Arcane Tower | 2 |  | 
| Guard Tower | 34 |  | 
| Farm | 13 |  | 
| Altar of Kings | 1 |  | 
| Keep | 1 |  | 
| Blacksmith | 1 |  | 
| Castle | 2 |  | 
| Gryphon Aviary | 7 |  | 
                66 total
 » build order
                00:51 Lumber Mill
01:11 Scout Tower
01:18 Scout Tower
01:47 Arcane Tower
01:47 Arcane Tower
02:03 Scout Tower
02:08 Guard Tower
02:08 Guard Tower
02:09 Guard Tower
02:12 Guard Tower
02:12 Guard Tower
02:19 Scout Tower
02:35 Guard Tower
02:36 Guard Tower
02:40 Farm
02:58 Farm
03:01 Guard Tower
03:02 Guard Tower
03:03 Guard Tower
03:05 Guard Tower
03:16 Altar of Kings
04:10 Farm
04:35 Keep
04:52 Farm
05:04 Blacksmith
05:29 Farm
07:03 Castle
07:07 Castle
07:18 Gryphon Aviary
07:24 Gryphon Aviary
07:32 Gryphon Aviary
07:35 Gryphon Aviary
07:36 Gryphon Aviary
07:43 Gryphon Aviary
07:45 Gryphon Aviary
11:29 Farm
11:30 Farm
11:31 Farm
11:31 Farm
11:48 Farm
11:49 Farm
11:49 Farm
 
               
              
              
» 
RaNGeR_ (
teal | 64 APM | 751 actions | 11:39)
              
 3 Death Knight 
 2 Death Coil
 1 Unholy Aura
 1 Lich 
 1 Frost Nova
 
                » actions 
                
                | Assign group hotkey | 18 |  | 
| Basic commands | 11 |  | 
| Build / train | 38 |  | 
| ESC pressed | 3 |  | 
| Enter build submenu | 46 |  | 
| Enter hero's abilities submenu | 4 |  | 
| Right click | 235 |  | 
| Select / deselect | 215 |  | 
| Select group hotkey | 140 |  | 
| Use ability | 41 |  | 
                751 total
 » units 
                
                | Acolyte | 2 |  | 
| Ghoul | 3 |  | 
| Crypt Fiend | 12 |  | 
| Obsidian Statue | 1 |  | 
                18 total
 » upgrades
                
                | Creature Attack | 2 |  | 
| Creature Carapace | 1 |  | 
| Web | 1 |  | 
                4 total
 » buildings
                
                | Crypt | 1 |  | 
| Graveyard | 1 |  | 
| Altar of Darkness | 1 |  | 
| Ziggurat | 6 |  | 
| Tomb of Relics | 1 |  | 
| Nerubian Tower | 1 |  | 
| Halls of the Dead | 1 |  | 
| Black Citadel | 1 |  | 
| Slaughterhouse | 1 |  | 
| Sacrificial Pit | 1 |  | 
| Spirit Tower | 1 |  | 
                16 total
 » build order
                00:12 Crypt
00:24 Graveyard
00:51 Altar of Darkness
00:53 Ziggurat
00:57 Ziggurat
01:28 Ziggurat
01:39 Tomb of Relics
01:52 Nerubian Tower
03:42 Halls of the Dead
06:21 Black Citadel
06:29 Ziggurat
06:31 Ziggurat
07:26 Slaughterhouse
09:10 Sacrificial Pit
09:43 Ziggurat
11:19 Spirit Tower
» items
                
                | Rod of Necromancy | 4 |  | 
| Scroll of Town Portal | 1 |  | 
| Scroll of Speed | 1 |  | 
                6 total
  
               
              
              
» 
eloH(o)ssA (
green | 62 APM | 706 actions | 11:28)
              
 2 Blademaster 
 1 Wind Walk
 1 Critical Strike
 
                » actions 
                
                | Assign group hotkey | 55 |  | 
| Basic commands | 22 |  | 
| Build / train | 32 |  | 
| ESC pressed | 1 |  | 
| Enter build submenu | 14 |  | 
| Enter hero's abilities submenu | 2 |  | 
| Right click | 356 |  | 
| Select / deselect | 91 |  | 
| Select group hotkey | 90 |  | 
| Use ability | 43 |  | 
                706 total
 » units 
                » upgrades
                » buildings
                
                | Altar of Storms | 1 |  | 
| Orc Burrow | 3 |  | 
| War Mill | 1 |  | 
| Voodoo Lounge | 1 |  | 
| Watch Tower | 3 |  | 
| Stronghold | 1 |  | 
| Beastiary | 3 |  | 
| Fortress | 1 |  | 
                14 total
 » build order
                00:11 Altar of Storms
00:15 Orc Burrow
01:04 War Mill
01:15 Voodoo Lounge
01:59 Orc Burrow
02:21 Watch Tower
02:41 Watch Tower
03:22 Stronghold
03:33 Watch Tower
03:59 Orc Burrow
05:48 Beastiary
05:53 Beastiary
09:16 Fortress
09:42 Beastiary
» items
                
                | Healing Salve | 1 |  | 
| Lesser Clarity Potion | 2 |  | 
| Scroll of Speed | 2 |  | 
| Rod of Necromancy | 1 |  | 
| Potion of Healing | 4 |  | 
                10 total
  
                Chat log
          (00:04 / Allies) Cadx2-craft: take out a notepad talons
(00:08 / All) Yahoo91: after 10 days finally found a game
(00:12 / Allies) Thwakull: fuck you blue
(00:13 / Allies) YEAHSHESASSBATS: huh?
(00:16 / All) Cadx2-craft: I've been searching 2 years
(00:17 / Allies) YEAHSHESASSBATS: Im not ales
(00:17 / Allies) Cadx2-craft: Michael
(00:19 / Allies) YEAHSHESASSBATS: ...'
(00:21 / All) RaNGeR_: i mean
(00:21 / All) Cadx2-craft: W
(00:22 / All) RaNGeR_: your stats
(00:22 / All) Cadx2-craft: W
(00:23 / All) Cadx2-craft: W
(00:23 / All) Cadx2-craft: W
(00:23 / All) Cadx2-craft: W
(00:25 / All) YEAHSHESASSBATS: roflquaffle what a fucking joke
(00:25 / All) Cadx2-craft: W
(00:25 / All) eloH(o)ssA: pretty sad u have to lossbot to get a game
(00:27 / All) RaNGeR_: WAIT
(00:27 / All) Cadx2-craft: he has that $100
(00:28 / All) Cadx2-craft: african computer
(00:30 / Allies) YEAHSHESASSBATS: wow that guy
(00:32 / Allies) YEAHSHESASSBATS: made me build an altar
(00:37 / Allies) YEAHSHESASSBATS: instead of grave
(00:38 / All) RaNGeR_: they don't hav computers
(00:40 / Allies) YEAHSHESASSBATS: ghouls it is
(00:49 / All) Cadx2-craft: they've made $100 computers
(00:51 / All) eloH(o)ssA: they have stones
(00:51 / All) Cadx2-craft: that you crank
(00:58 / Allies) YEAHSHESASSBATS: they are 1 dollar
(00:59 / Allies) YEAHSHESASSBATS: pcs
(01:02 / Allies) YEAHSHESASSBATS: for africans
(01:06 / Allies) Cadx2-craft: they're laptops
(01:08 / Allies) Cadx2-craft: and they're $100
(01:16 / All) HoneyBlunt: 5 dolla foot long |-------------|
(01:17 / Allies) YEAHSHESASSBATS: well u can jack off
(01:19 / Allies) YEAHSHESASSBATS: all that matters
(01:29 / All) Cadx2-craft: who lags for 45 seconds
(01:30 / All) Cadx2-craft: then stops?
(01:34 / All) RaNGeR_: me
(01:37 / All) eloH(o)ssA: i was thinking the same thing
(01:40 / All) RoflQUAFFLE: fuck
(01:43 / All) RaNGeR_: you
(01:43 / All) Cadx2-craft: some sort of hack
(01:44 / All) RaNGeR_: :D
(01:48 / All) RaNGeR_: LOL
(01:51 / All) Cadx2-craft: ohhh
(01:51 / Allies) YEAHSHESASSBATS: exucse me
(01:53 / Allies) YEAHSHESASSBATS: roflquffle no hack
(01:54 / All) Cadx2-craft: I knew it
(01:54 / Allies) YEAHSHESASSBATS: hes good
(01:57 / All) RaNGeR_: k k
(01:57 / Allies) Cadx2-craft: lol
(01:58 / All) RaNGeR_: playnow
(02:02 / Allies) Cadx2-craft: I've played RT 4 years
(02:05 / Allies) Cadx2-craft: not played one good player
(02:06 / All) RaNGeR_: I have to start my essay after i win this game
(02:10 / Allies) YEAHSHESASSBATS: im kidding
(02:18 / All) Cadx2-craft: on what?
(02:24 / All) RaNGeR_: pride and prejudice
(02:25 / All) RaNGeR_: nigger
(02:36 / All) RaNGeR_: didn't even read the book
(02:55 / All) Cadx2-craft: reading is overrated
(03:00 / All) RaNGeR_: how so
(03:09 / Allies) YEAHSHESASSBATS: tech
(03:10 / All) RoflQUAFFLE: crank dat computer boy
(03:11 / All) RaNGeR_: not that i disagree or agree with you
(03:20 / Allies) Thwakull: green straight teching
(03:20 / All) Cadx2-craft: the brain processes visual information 93% faster than text
(03:22 / All) RaNGeR_: just asking what your logic behind it is
(03:24 / Allies) Thwakull: lets hit
(03:29 / Allies) YEAHSHESASSBATS: idiot
(03:40 / Allies) Thwakull: lets go
(03:47 / All) RaNGeR_: well that's why they make movies then i guess
(03:51 / Allies) Cadx2-craft: brt
(03:54 / All) RoflQUAFFLE: i told that peasant to move
(03:56 / All) RoflQUAFFLE: Like 40 seconds ago
(04:08 / Allies) Cadx2-craft: fuck im going with pink
(04:09 / Allies) YEAHSHESASSBATS: both teching
(04:11 / Allies) YEAHSHESASSBATS: btw
(04:12 / Allies) YEAHSHESASSBATS: blue late hero
(04:15 / Allies) YEAHSHESASSBATS: prolly tav
(04:17 / Allies) Thwakull: straight tech and blue nothing
(04:28 / Allies) YEAHSHESASSBATS: bad..
(04:30 / Allies) YEAHSHESASSBATS: lol
(05:16 / Allies) YEAHSHESASSBATS: beastie
(05:16 / Allies) YEAHSHESASSBATS: cancel
(06:57 / Allies) YEAHSHESASSBATS: getting necros
(07:17 / Allies) Cadx2-craft: lets go back
(07:19 / Allies) Cadx2-craft: pink
(07:37 / Allies) Thwakull: help
(07:38 / Allies) YEAHSHESASSBATS: brt
(07:39 / Allies) YEAHSHESASSBATS: yellow
(07:50 / Allies) YEAHSHESASSBATS: beastie
(08:45 / All) RaNGeR_: PLEASE
(08:46 / All) RaNGeR_: TP
(08:50 / All) RaNGeR_: FUCKING
(08:52 / All) RaNGeR_: DOESN"T WORK
(09:05 / Allies) YEAHSHESASSBATS: wait for wagons
(09:06 / Allies) YEAHSHESASSBATS: then we hall
(09:08 / All) Cadx2-craft: GRAAUAGH HULK SMASH
(09:51 / All) eloH(o)ssA: blue is masturbating
(10:00 / All) Yahoo91: he really is
(10:01 / All) YEAHSHESASSBATS: u guys blow
(10:13 / All) Yahoo91: yea, its tough to play 3v4
(10:21 / All) YEAHSHESASSBATS: except i had no units
(10:24 / All) YEAHSHESASSBATS: until now
(10:29 / All) eloH(o)ssA: wait all day for a game
(10:35 / All) eloH(o)ssA: then blue lags and jacks off
(10:51 / All) Cadx2-craft: does back pack work with
(10:55 / All) Cadx2-craft: statues
(11:04 / All) Cadx2-craft: DAMNIT IT DOESNT
(11:24 / All) eloH(o)ssA: damn it i can't buy tp to backstab blue
(11:26 / Allies) YEAHSHESASSBATS: dont rape him yet
(11:49 / All) Cadx2-craft: holy shit talons
(11:52 / All) Cadx2-craft: did u know if u throw a coil
(11:54 / All) Cadx2-craft: and level it up
(11:59 / All) Cadx2-craft: it will level up mid flight?
(12:05 / All) YEAHSHESASSBATS: if u quick enuf
(12:13 / All) Cadx2-craft: u didnt know that stfu
(12:43 / Allies) YEAHSHESASSBATS: necrowagon is fun
(12:46 / Allies) YEAHSHESASSBATS: when ur crippling
(12:48 / Allies) YEAHSHESASSBATS: a bm and 3 grunts
(13:31 / All) YEAHSHESASSBATS: leave u suck
(13:41 / All) RoflQUAFFLE: i could almost
(13:43 / All) RoflQUAFFLE: move my units
(13:44 / All) RoflQUAFFLE: Once this game
(13:45 / All) YEAHSHESASSBATS: u suck